AoeStats
← 特級過呪怨靈

Oasis

507917529Analyzed
4v4 RM · 13d ago on Sep 20, 2026· 43m 31s· 8 players
Game mode
Random Map
Map size
Large (8 player)
Population
200
Speed
Normal
Resources
Standard
Victory
Conquest
Starting age
Dark Age
Ending age
Imperial Age
RankedLock teamsTeams togetherTeam positionsShared explorationLock speedFull tech treeHidden civsTurbo modeCheats
Victory
Defeat
🇹🇼 Mongols · Taiwan
1036
+12
🇹🇼 Goths · Taiwan
1034
+12
🇹🇼 Romans · Taiwan
1026
+12
🇩🇪 Persians · Germany
883
+18
🇲🇽 Mongols · Mexico
970
-15
🇹🇷 Sicilians · Türkiye
960
-14
🇨🇴 Chinese · Colombia
933
-13
🇨🇦 Spanish · Canada
911
-12
LeGerKy (Calabacin)
1:51 Loom
11:00 Feudal Age
11:44 Double-Bit Axe
11:41 Horse Collar
21:46 Castle Age
20:29 Stone Mining
20:31 Gold Mining
20:58 Padded Archer Armor
21:49 Scale Barding Armor
21:34 Fletching
23:02 Bodkin Arrow
26:26 Heavy Plow
29:48 Wheelbarrow
28:59 Town Watch
32:30 Imperial Age
31:54 Fortified Wall
32:40 Bow Saw
33:17 Gold Shaft Mining
32:51 Murder Holes
33:08 Nomads
33:32 Hand Cart
35:38 Leather Archer Armor
35:32 Town Patrol
36:23 Thumb Ring
37:10 Stone Shaft Mining
36:37 Bracer
36:47 Capped Ram
37:40 Elite Mangudai
38:45 Ballistics
40:03 Chemistry
39:10 Siege Engineers
42:51 Siege Ram
614Superdry
12:10 Feudal Age
16:42 Double-Bit Axe
19:22 Castle Age
17:56 Gold Mining
19:24 Horse Collar
19:35 Stone Mining
20:56 Loom
23:03 Wheelbarrow
23:03 Bow Saw
25:33 Stone Shaft Mining
25:01 Heavy Plow
27:05 Hand Cart
32:10 Imperial Age
31:38 Ballistics
33:24 Conscription
32:58 Fletching
33:08 Padded Archer Armor
35:19 Two-Man Saw
34:16 Bodkin Arrow
34:36 Leather Archer Armor
35:26 Chemistry
34:29 Squires
33:49 Pikeman
34:44 Bloodlines
34:34 Husbandry
35:24 Bracer
36:32 Elite Conquistador
38:10 Ring Archer Armor
39:59 Forging
39:50 Scale Mail Armor
Kev003nAn
0:40 Loom
14:09 Feudal Age
20:10 Double-Bit Axe
23:08 Castle Age
21:59 Stone Mining
21:56 Horse Collar
22:47 Gold Mining
23:22 Pikeman
Hayallerde
0:59 Loom
15:00 Feudal Age
17:01 Town Watch
17:00 Horse Collar
23:49 Double-Bit Axe
31:18 Castle Age
40:19 Elite Skirmisher
疯穿箱子
12:05 Feudal Age
16:47 Castle Age
15:13 Double-Bit Axe
15:12 Horse Collar
17:13 Stone Mining
20:34 Loom
24:32 Husbandry
25:34 Scale Barding Armor
25:31 Scale Mail Armor
25:42 Forging
31:03 Imperial Age
29:44 Wheelbarrow
30:38 Squires
31:15 Chain Mail Armor
31:36 Iron Casting
31:07 Anarchy
31:49 Hand Cart
32:37 Gold Mining
33:16 Elite Huskarl
34:27 Conscription
35:29 Bow Saw
37:58 Blast Furnace
40:02 Ballistics
40:43 Chemistry
自由人要乐奈
6:51 Loom
9:04 Feudal Age
9:55 Double-Bit Axe
10:01 Horse Collar
12:38 Wheelbarrow
15:47 Forging
20:05 Castle Age
19:32 Bloodlines
19:30 Scale Barding Armor
21:18 Bow Saw
21:22 Husbandry
22:19 Iron Casting
29:42 Hand Cart
29:35 Stone Mining
29:35 Gold Mining
29:55 Gold Mining
31:14 Padded Archer Armor
31:05 Fletching
35:14 Imperial Age
32:46 Bodkin Arrow
33:44 Ballistics
33:40 Thumb Ring
34:41 Leather Archer Armor
34:40 Heavy Plow
36:58 Chemistry
36:25 Bracer
36:14 Town Watch
37:07 Conscription
37:50 Gold Shaft Mining
38:33 Elite Mangudai
39:57 Stone Shaft Mining
39:54 Siege Engineers
40:04 Masonry
41:53 Careening
41:43 Murder Holes
43:52 Parthian Tactics
特級過呪怨靈
3:18 Loom
14:49 Feudal Age
22:53 Castle Age
21:19 Bloodlines
21:35 Double-Bit Axe
21:32 Horse Collar
23:37 Husbandry
31:24 Scale Barding Armor
42:30 Chain Barding Armor
ek55
7:50 Loom
10:02 Feudal Age
10:57 Man-at-Arms
11:56 Town Watch
11:57 Horse Collar
13:33 Forging
13:25 Scale Mail Armor
21:13 Castle Age
20:04 Bloodlines
20:28 Gold Mining
20:36 Fletching
21:37 Padded Archer Armor
22:21 Husbandry
25:54 Elite Skirmisher
28:02 Double-Bit Axe
28:16 Bodkin Arrow
32:17 Bow Saw
33:07 Wheelbarrow
32:59 Pikeman
33:39 Squires
35:04 Hand Cart
36:27 Ballistics
36:43 Leather Archer Armor
36:37 Scale Barding Armor
38:33 Heavy Plow
41:21 Imperial Age
39:42 Gold Shaft Mining
39:40 Forging
40:19 Town Patrol
42:43 Onager
44:30 Ring Archer Armor
45:03 Two-Man Saw
Connection lost

Rejoining the realm…

Still unreachable

The connection could not be restored.

Session expired

The server has moved on; the page needs a fresh start.